 Dungeon Crawl Stone Soup version 0.25-a0-100-g33052ceff8 (webtiles) character file.

Game seed: 1663084733830919862, levelgen mode: deterministic

12374 Roikka the Dealer of Despair (level 11, -5/81 HPs)
             Began as a Vampire Necromancer on Nov 14, 2019.
             Was an Elder of Kikubaaqudgha.
             Killed from afar by a frost giant (19 damage)
             ... with a bolt of cold
             ... on level 10 of the Dungeon.
             The game lasted 00:54:46 (12373 turns).

Roikka the Dealer of Despair (Vampire Necromancer) Turns: 12373, Time: 00:54:46

Health: -5/81      AC:  8    Str:  9    XL:     11   Next: 61%
Magic:  17/22      EV: 16    Int: 22    God:    Kikubaaqudgha [****..]
Gold:   746        SH:  5    Dex: 17    Spells: 3/25 levels left

rFire    . . .     SeeInvis +   u - +10 dagger of Zin's Brutal Revenge {pierce, Str+2}
rCold    + . .     Gourm    .   L - +0 buckler
rNeg     . . .     Faith    +   R - +2 robe {MR+}
rPois    .         Spirit   .   I - +1 hat {Int+3}
rElec    .         Reflect  .   l - +1 cloak
rCorr    .         Harm     .   (no gloves)
MR       ++...                  r - +0 pair of boots
Stlth    +++++.....             s - amulet of faith
HPRegen  0.43/turn              Q - ring of protection from cold
MPRegen  0.18/turn              (no ring)

@: regenerating quickly
A: no food, fangs 3, see invisible, unbreathing
a: Exsanguinate, Receive Corpses, Renounce Religion


You were on level 10 of the Dungeon.
You worshipped Kikubaaqudgha.
Kikubaaqudgha was greatly pleased with you.
You were alive.

You visited 2 branches of the dungeon, and saw 12 of its levels.
You also visited: Ossuary.

You collected 1012 gold pieces.
You spent 266 gold pieces at shops.

Inventory:

Hand Weapons
 u - the +10 dagger of Zin's Brutal Revenge (weapon) {pierce, Str+2}
   (You found it on level 5 of the Dungeon)

   It inflicts extra damage upon your enemies.
   It affects your strength (+2).
 w - the +5 hand axe "Sewkamung" {venom, rF++ Str+5}
   (You found it on level 5 of the Dungeon)

   It poisons the flesh of those it strikes.
   It affects your strength (+5).
   It greatly protects you from fire.
 y - a +0 rapier
 C - the +6 mace of Kotuzefug {pain, +Rage rPois MP+9 Dex+8}
   (You found it on level 8 of the Dungeon)

   In the hands of one skilled in necromantic magic, it inflicts extra damage on
   living creatures.
   It affects your dexterity (+8).
   It protects you from poison.
   It affects your magic capacity (+9).
   It lets you go berserk.
Armour
 a - a +0 robe
 k - a +1 helmet
 l - a +1 cloak (worn)
 r - a +0 pair of boots (worn)
 I - a +1 hat of intelligence (worn)
 L - a +0 buckler (worn)
 M - the +6 ring mail "Demed" {Str+2 SInv}
   (You found it on level 10 of the Dungeon)

   It affects your strength (+2).
   It lets you see invisible.
 P - a scarf of cloud immunity
 R - a +2 robe of magic resistance (worn)
Magical Staves
 p - an uncursed staff of cold
 z - an uncursed staff of air
Jewellery
 s - an amulet of faith (around neck)
 Q - a ring of protection from cold (left hand)
Wands
 q - a wand of iceblast (25)
 A - a wand of scattershot (6)
 G - a wand of digging (3)
 J - a wand of polymorph (18)
 K - a wand of disintegration (6)
Scrolls
 c - 3 scrolls of enchant weapon
 e - 3 scrolls of enchant armour
 f - 9 scrolls of remove curse
 h - 6 scrolls of teleportation
 x - a scroll of fear
 B - a scroll of blinking
 D - a scroll of amnesia
 N - a scroll of magic mapping
 O - a scroll of silence {unknown}
Potions
 d - 3 potions of cancellation
 g - 2 potions of invisibility
 i - 4 potions of flight
 j - a potion of magic
 m - 6 potions of heal wounds
 n - 9 potions of curing
 o - 2 potions of brilliance
 t - 2 potions of haste
 v - 4 potions of lignification
 E - a potion of agility
 F - a potion of resistance {unknown}
 H - 3 potions of might {unknown}
Miscellaneous
 b - a phantom mirror


   Skills:
 - Level 6.0 Fighting
 + Level 7.9 Short Blades
 - Level 1.0 Maces & Flails
 - Level 6.0 Dodging
 - Level 10.0 Stealth
 - Level 4.0 Shields
 + Level 7.9 Spellcasting
 - Level 6.0 Hexes
 + Level 10.6 Necromancy


You had 3 spell levels left.
You knew the following spells:

 Your Spells              Type           Power        Failure   Level  Hunger
a - Pain                  Necr           ####         1%          1    N/A
b - Animate Skeleton      Necr           N/A          1%          1    N/A
c - Vampiric Draining     Necr           ######....   1%          3    N/A
d - Animate Dead          Necr           N/A          1%          4    N/A
e - Confusing Touch       Hex            #####.       1%          1    N/A
f - Slow                  Hex            #####...     1%          2    N/A
g - Sublimation of Blood  Necr           ######....   1%          2    N/A
h - Confuse               Hex            #####...     1%          3    N/A
i - Agony                 Necr           ######..     2%          5    N/A

Your spell library contained the following spells:

 Spells                   Type           Power        Failure   Level  Hunger
 Regeneration             Chrm/Necr      ####......   2%          3    N/A
 Magic Dart               Conj           #...         8%          1    N/A
 Blink                    Tloc           N/A          12%         2    N/A
 Call Imp                 Summ           #.......     12%         2    N/A
 Conjure Flame            Conj/Fire      #.......     22%         3    N/A
 Gell's Gravitas          Tloc           #.........   22%         3    N/A
 Mephitic Cloud           Conj/Pois/Air  #.......     22%         3    N/A
 Dispel Undead            Necr           ######..     2%          5    N/A
 Death Channel            Necr           ######....   14%         6    N/A
 Excruciating Wounds      Chrm/Necr      ####......   24%         5    N/A
 Metabolic Englaciation   Hex/Ice        ###.......   52%         5    N/A
 Yara's Violent Unravell  Hex/Tmut       ###.......   52%         5    N/A
 Petrify                  Tmut/Erth      #.......     58%         4    N/A

Dungeon Overview and Level Annotations

Branches:
Dungeon (11/15)            Temple (1/1) D:7            Lair (0/6) D:11
    Orc (0/2) D:10        Ossuary (visited)

Altars:
Ashenzari
Cheibriados
Dithmenos
Elyvilon
Fedhas
Gozag
Hepliaklqana
Kikubaaqudgha
Makhleb
Nemelex Xobeh
Okawaru
Qazlal
Ru
Sif Muna
Trog
Uskayaw
Vehumet
Wu Jian
Xom
Yredelemnul
Zin
The Shining One
Beogh

Shops:
D:7 *:   D:10 :

Annotations:
D:3 2 transporters, Shinnjin's ghost, amateur MiFi


Innate Abilities, Weirdness & Mutations

You do not eat.
Your natural rate of healing is unusually fast.
You have razor-sharp teeth.
You have supernaturally acute eyesight. (SInv)
You can survive without breathing.


Message History

* * * LOW HITPOINT WARNING * * *
You puncture the frost giant!
You bite the frost giant, but do no damage.
The frost giant is lightly wounded.
You puncture the frost giant!
The frost giant is lightly wounded.
Casting: Confusing Touch (safe; 1% risk of failure)
Confirm with . or Enter, or press ? or * to list all spells.
Aiming: Agony (safe; 2% risk of failure)
Press: ? - help, Shift-Dir - straight line, f - frost giant
Aim: a frost giant, wielding a +2 battleaxe of freezing (lightly wounded, confused, chance to defeat MR: 73%)
The frost giant convulses!
The frost giant seems less confused.
You puncture the frost giant!
The frost giant is severely wounded.
You hit the frost giant.
The frost giant is severely wounded.
The frost giant casts a spell at you. The bolt of cold hits you!! You resist.
You die...
Kikubaaqudgha rasps: "You have failed me!
Welcome... death!"

#.. ... .. #.# ### ##
###########.#
#...........#
#...........#
#...........#
#...........#
#...........###########
#.>..C@................
#...........########.##
#.......>...# #Z#
###########.# #.# #.#
#.# #.# #Z# #(# #.# #.#
#.#
###########.########.##


You could see a frost giant.

Vanquished Creatures
  Gastronok (D:9)
  A two-headed ogre (D:9)
  The ghost of Johnny the Spear-Bearer, a novice DgGl (D:9)
  An ugly thing (D:11)
  A cyclops (D:11)
  A gargoyle (D:11)
  2 trolls
  A hornet (D:8)
  A hippogriff (D:11)
  A shadow (D:11)
  A wyvern (D:11)
  5 wraiths (D:9)
  A hungry ghost (D:11)
  Edmund (D:5)
  A water moccasin (D:5)
  3 porcupines (D:11)
  3 orc warriors
  4 sky beasts
  4 ice beasts
  2 phantoms (D:4)
  2 black bears
  8 ogres
  2 centaurs
  2 crocodiles
  8 bullfrogs
  2 scorpions
  15 killer bees
  A howler monkey (D:4)
  2 lava snakes (D:11)
  5 crimson imps
  A centaur zombie (D:5)
  A quasit (D:5)
  5 hounds
  4 orc priests
  Crazy Yiuf (D:2)
  A bullfrog skeleton (D:6)
  A centaur skeleton (D:5)
  2 iguanas
  Terence (D:2)
  9 orc wizards
  7 worker ants
  8 mummies (Ossuary)
  2 hound skeletons (D:6)
  A howler monkey zombie (D:8)
  2 gnolls
  4 adders
  An ooze (D:2)
  An adder zombie (D:9)
  3 worms
  A dart slug (D:3)
  4 leopard geckos
  19 orcs
  A giant cockroach (D:2)
  A gnoll zombie (Ossuary)
  3 hobgoblins (D:2)
  6 jackals
  A quokka (D:6)
  4 ball pythons
  8 bats
  7 frilled lizards
  3 goblins
  A hobgoblin zombie (Ossuary)
  4 kobolds
  2 kobold zombies (Ossuary)
  A leopard gecko skeleton (D:4)
  4 orc zombies (Ossuary)
  2 quokka skeletons
  5 rats
215 creatures vanquished.

Vanquished Creatures (collateral kills)
  Erica (D:11)
  A yak (D:11)
  A hungry ghost (D:11)
  A water moccasin (D:9)
  A phantom (D:11)
  A bullfrog (D:11)
  3 killer bees
  A quasit (D:11)
  A jelly (D:9)
  2 orc wizards
  A centaur skeleton (D:11)
  An iguana (D:7)
  A worker ant (D:10)
  2 gnolls (D:2)
  2 adders
  3 orcs
  2 goblins (D:2)
  2 jackals (D:3)
  2 quokkas (D:2)
  A fungus (D:11)
30 creatures vanquished.

Vanquished Creatures (others)
  A porcupine (D:11)
  4 fungi (D:11)
  A plant (D:11)
6 creatures vanquished.

Grand Total: 251 creatures vanquished

Notes
Turn   | Place    | Note
-------+----------+-------------------------------------------
     0 | D:1      | Roikka the Vampire Necromancer began the quest for the Orb.
     0 | D:1      | Reached XP level 1. HP: 13/13 MP: 3/3
    30 | D:1      | Learned a level 1 spell: Animate Skeleton
   471 | D:1      | Reached XP level 2. HP: 19/19 MP: 5/5
  1065 | D:2      | Reached XP level 3. HP: 12/24 MP: 0/6
  1149 | D:2      | Found a radiant altar of Vehumet.
  1397 | D:2      | Found a runed translucent door.
  1398 | D:2      | Noticed Crazy Yiuf
  1568 | D:2      | Noticed Terence
  1575 | D:2      | Killed Terence
  1630 | D:2      | Learned a level 3 spell: Vampiric Draining
  1654 | D:2      | Reached XP level 4. HP: 30/30 MP: 6/8
  1797 | D:2      | Killed Crazy Yiuf
  1797 | D:2      | Reached skill level 1 in Short Blades
  1797 | D:2      | Reached skill level 5 in Necromancy
  2064 | D:3      | Found a stormy altar of Qazlal.
  2083 | D:3      | Reached XP level 5. HP: 34/35 MP: 7/9
  2131 | D:3      | Learned a level 4 spell: Animate Dead
  2222 | D:3      | Found a transporter.
  2337 | D:3      | Found a transporter.
  2338 | D:3      | Noticed Shinnjin's ghost (amateur MiFi)
  2695 | D:4      | Found a snail-covered altar of Cheibriados.
  2857 | D:4      | Found a shimmering altar of Xom.
  2857 | D:4      | Found a shattered altar of Ashenzari.
  2862 | D:4      | Found a white marble altar of Elyvilon.
  2864 | D:4      | Found a bloodstained altar of Trog.
  2865 | D:4      | Found an iron altar of Okawaru.
  3159 | D:4      | Found a shadowy altar of Dithmenos.
  3164 | D:4      | Reached XP level 6. HP: 37/41 MP: 5/11
  3672 | D:5      | Entered Level 5 of the Dungeon
  3708 | D:5      | Noticed Edmund
  3718 | D:5      | Killed Edmund
  3736 | D:5      | Noticed a sky beast
  3800 | D:5      | Killed a sky beast
  3800 | D:5      | Reached XP level 7. HP: 11/46 MP: 6/12
  4301 | D:5      | Found an ornate altar of the Wu Jian Council.
  4318 | D:5      | Reached skill level 5 in Dodging
  4553 | D:5      | Got an ichor-stained dagger
  4555 | D:5      | Identified the +10 dagger of Zin's Brutal Revenge {pierce,
                  | Str+2} (You found it on level 5 of the Dungeon)
  4586 | D:5      | Found a sparkling altar of Nemelex Xobeh.
  4757 | D:5      | Got a jewelled hand axe
  4758 | D:5      | Identified the +5 hand axe "Sewkamung" {venom, rF++ Str+5}
                  | (You found it on level 5 of the Dungeon)
  4947 | D:6      | Reached skill level 1 in Fighting
  4976 | D:6      | Reached XP level 8. HP: 44/54 MP: 12/14
  5426 | D:6      | Reached skill level 5 in Stealth
  5857 | D:4      | Reached skill level 5 in Spellcasting
  6425 | D:7      | Found Naxisiet's Book Emporium.
  6673 | D:7      | Found Leicwo's General Store.
  6681 | D:7      | Bought a scroll of identify for 26 gold pieces
  6744 | D:7      | Found a staircase to the Ecumenical Temple.
  6750 | Temple   | Entered the Ecumenical Temple
  6757 | Temple   | Became a worshipper of Kikubaaqudgha
  6794 | D:7      | Reached XP level 9. HP: 63/63 MP: 14/17
  6963 | D:7      | Bought a book of Misfortune for 240 gold pieces
  6965 | D:7      | Learned a level 1 spell: Confusing Touch
  7076 | D:7      | Reached skill level 1 in Hexes
  7492 | D:8      | Reached skill level 5 in Short Blades
  7617 | D:8      | Found a sand-covered staircase.
  7622 | Ossuary  | Entered an ossuary
  7627 | Ossuary  | Learned a level 2 spell: Slow
  7637 | Ossuary  | Reached * piety under Kikubaaqudgha
  7637 | Ossuary  | Identified Kikubaaqudgha's Incunabulum of Dark Rituals
                  | (Kikubaaqudgha gifted it to you in an ossuary)
  7637 | Ossuary  | Received a gift from Kikubaaqudgha
  7642 | Ossuary  | Learned a level 2 spell: Sublimation of Blood
  8144 | D:8      | Got a crude mace
  8145 | D:8      | Identified the +6 mace of Kotuzefug {pain, +Rage rPois MP+9
                  | Dex+8} (You found it on level 8 of the Dungeon)
  8627 | D:9      | Reached skill level 1 in Maces & Flails
  8712 | D:9      | Found a runed translucent gate.
  8712 | D:9      | Found a runed translucent gate.
  8712 | D:9      | Found a runed translucent gate.
  8712 | D:9      | Noticed Johnny's ghost (novice DgGl)
  8751 | D:9      | Reached ** piety under Kikubaaqudgha
  8751 | D:9      | Reached XP level 10. HP: 15/73 MP: 17/19
  8925 | D:9      | HP: 1/73 [troll (12)]
  9376 | D:9      | Noticed Gastronok
  9395 | D:9      | Killed Gastronok
  9395 | D:9      | Reached skill level 5 in Fighting
  9413 | D:9      | Learned a level 3 spell: Confuse
  9572 | D:9      | Killed Johnny's ghost
  9614 | D:9      | Found a burning altar of Makhleb.
  9684 | D:9      | Noticed a two-headed ogre
  9687 | D:9      | Killed a two-headed ogre
  9687 | D:9      | Reached skill level 10 in Stealth
  9687 | D:9      | Reached skill level 5 in Hexes
  9687 | D:9      | Reached skill level 10 in Necromancy
  9715 | D:9      | Reached XP level 11. HP: 80/80 MP: 19/21
 10304 | D:10     | Entered Level 10 of the Dungeon
 10407 | D:10     | Got a bronze ring mail
 10418 | D:10     | Identified the +6 ring mail "Demed" {Str+2 SInv} (You found
                  | it on level 10 of the Dungeon)
 10600 | D:10     | Noticed an orc knight
 10604 | D:10     | Reached *** piety under Kikubaaqudgha
 10604 | D:10     | Identified Kikubaaqudgha's Collected Works on Evil Rituals
                  | (Kikubaaqudgha gifted it to you on level 10 of the Dungeon)
 10604 | D:10     | Received a gift from Kikubaaqudgha
 10677 | D:10     | Found Just's Book Shop.
 10687 | D:10     | Learned a level 5 spell: Agony
 10734 | D:10     | Found a roughly hewn altar of Beogh.
 10734 | D:10     | Found a staircase to the Orcish Mines.
 10750 | D:10     | Reached skill level 1 in Shields
 11139 | D:11     | Noticed a purple ugly thing
 11143 | D:11     | Killed a purple ugly thing
 11382 | D:11     | Noticed a frost giant
 11713 | D:11     | Found a staircase to the Lair.
 12084 | D:11     | Noticed Erica
 12100 | D:11     | Killed Erica
 12100 | D:11     | Reached **** piety under Kikubaaqudgha
 12373 | D:10     | Killed from afar by a frost giant

Levels and vault maps discovered:
D:1:      tarquinn_simple_flora_water_b, layout_loops_ring, st_stairs_1
D:2:      layout_loops_ring, lemuel_doored_altar, first_ration,
          uniq_crazy_yiuf_cottage, uniq_terence
D:3:      layout_rooms, gammafunk_ghost_mausoleum, minmay_misc_feat_alley,
          kennysheep_donut, grunt_qazlal_clouds
D:4:      layout_basic, cheibriados_altar_1,
          chequers_temple_overflow_minitemple, hex_medium,
          nicolae_dithmenos_the_darkroom
D:5:      layout_loops_corners, nicolae_overflow_hidden_temple,
          nemelex_xobeh_ov_fountains_minmay, uniq_edmund
D:6:      layout_gridville
D:7:      layout_layer_cave, minmay_temple_entry_hall, serial_shops, shop,
          shop_statue, grunt_ogre_cave, minmay_misc_feat_nine_boxes,
          minmay_misc_feat_tiny, serial_bayou_pond_d, corexii_checkpoint_a,
          minivault_5, nrook_loot_triangle, minivault_11,
          minmay_stone_trees_small, grunt_tough_drop
D:8:      layout_loops_corners, enter_ossuary_2
D:9:      layout_layer_cave, makhleb_grotto_becter, gammafunk_ghost_spectres,
          uniq_gastronok
D:10:     layout_small_grid, david_orc_5, serial_shops, shop
D:11:     layout_irregular_city, due_lair_maze_entry_diamond,
          kennysheep_island_fort, uniq_erica
Temple:   nicolae_temple_no_exploring_needed

Skill      XL: |  1  2  3  4  5  6  7  8  9 10 11 |
---------------+----------------------------------+-----
Dodging        | 3 4 5 6 |  6.0
Short Blades   | 1 2 4 5 7 |  7.9
Necromancy     | 5 6 7 8 9 10 | 10.6
Spellcasting   | 3 4 5 6 7 |  7.9
Stealth        | 4 6 8 10 | 10.0
Fighting       | 1 3 4 5 6 |  6.0
Hexes          | 4 5 6 |  6.0
Maces & Flails | 1 |  1.0
Shields        | 4 |  4.0

Action                   |  1- 3 |  4- 6 |  7- 9 | 10-12 || total
-------------------------+-------+-------+-------+-------++-------
Melee: Unarmed           |    40 |       |       |       ||    40
       Dagger            |     4 |   186 |   273 |   275 ||   738
       Bite              |     2 |    14 |    22 |    37 ||    75
       Mace              |       |       |     5 |       ||     5
 Cast: Pain              |    38 |    59 |    36 |     3 ||   136
       Animate Skeleton  |    11 |    11 |     3 |       ||    25
       Vampiric Draining |       |     4 |    11 |     8 ||    23
       Animate Dead      |       |     1 |    21 |    19 ||    41
       Confusing Touch   |       |       |     2 |    18 ||    20
       Slow              |       |       |       |     4 ||     4
       Agony             |       |       |       |     1 ||     1
  Use: Scroll            |       |    10 |    13 |     1 ||    24
       Potion            |       |       |       |     1 ||     1
 Stab: Sleeping          |     6 |     4 |    14 |    13 ||    37
       Distracted        |     1 |       |     1 |       ||     2
       Confused          |       |       |     2 |    13 ||    15
Armor: Robe              |    13 |   100 |    53 |    30 ||   196
Dodge: Dodged            |    49 |   200 |   181 |   151 ||   581
Block: Buckler           |       |       |       |     1 ||     1

Table legend:
 A = Non-vault XP
 B = Vault XP
 C = Vault XP percentage of total XP
 D = Non-vault monster count
 E = Vault monster count
 F = Vault count percentage of total count
                 A         B        C        D         E       F
            +---------+---------+-------+---------+---------+-------
      Total |   10390 |    7288 |  41.2 |     185 |      60 |  24.5
            +---------+---------+-------+---------+---------+-------
        D:1 |      13 |       2 |  13.3 |       9 |       2 |  18.2
        D:2 |      83 |      76 |  47.8 |      24 |       2 |   7.7
        D:3 |     118 |       0 |   0.0 |      23 |       0 |   0.0
        D:4 |     362 |       0 |   0.0 |      10 |       0 |   0.0
        D:5 |     687 |     166 |  19.5 |      13 |       1 |   7.1
        D:6 |     573 |       0 |   0.0 |      11 |       0 |   0.0
        D:7 |    1185 |     514 |  30.3 |      26 |       8 |  23.5
        D:8 |     880 |       0 |   0.0 |       9 |       0 |   0.0
        D:9 |    2754 |    3940 |  58.9 |      31 |       8 |  20.5
       D:10 |     349 |     349 |  50.0 |       5 |      11 |  68.8
       D:11 |    3386 |    2091 |  38.2 |      24 |      12 |  33.3
    Ossuary |       0 |     150 | 100.0 |       0 |      16 | 100.0
            +---------+---------+-------+---------+---------+-------
